 Dungeon Crawl Stone Soup version 0.17-a0-1510-gb3fb22e (webtiles) character file.

1134 Fluffy the Skirmisher (level 8, -6/66 HPs)
             Began as a Demonspawn Gladiator on July 11, 2015.
             Mangled by Prince Ribbit (13 damage)
             ... on level 5 of the Dungeon.
             The game lasted 00:13:07 (4829 turns).

Fluffy the Skirmisher (Demonspawn Gladiator)        Turns: 4829, Time: 00:13:08

Health: -6/66      AC: 10    Str: 18    XL:     8   Next: 14%
Magic:  8/8        EV: 12    Int: 10    God:
Gold:   304        SH:  0    Dex: 13    Spells: 0 memorised, 7 levels left

rFire  x . .     SeeInvis .     a - +0 long sword
rCold  + . .     Clarity  .     G - +0 scale mail
rNeg   . . .     SustAt   .     (no shield)
rPois  .         Gourm    .     c - +0 helmet
rElec  .         Spirit   .     (no cloak)
rCorr  .         Warding  .     (no gloves)
rMut   .         Stasis   .     (no boots)
MR     .....                    (no amulet)
Stlth  ..........               (no ring)
                                D - ring of ice

@: not resistant to hostile enchantments, extremely unstealthy
A: hooves 1, rugged brown scales 2, powered by death 3
a: no special abilities


You were on level 5 of the Dungeon.
You were not hungry.

You visited 2 branches of the dungeon, and saw 6 of its levels.

You collected 304 gold pieces.

Inventory:

Hand weapons
 a - a +0 long sword (weapon)
Missiles
 d - 3 throwing nets (quivered)
 f - 5 steel tomahawks
Armour
 c - a +0 helmet (worn)
 G - a +0 scale mail (worn)
Jewellery
 D - a ring of ice (left hand)
Magical devices
 t - a wand of flame (2)
 E - a wand of slowing (23)
Scrolls
 g - a scroll of amnesia {unknown}
 h - 3 scrolls of remove curse {unknown}
 j - a scroll of blinking {unknown}
 l - a scroll of teleportation {unknown}
 m - 7 scrolls of identify {unknown}
 n - 3 scrolls of magic mapping {unknown}
 q - 2 scrolls of recharging {unknown}
 r - a scroll of enchant armour {unknown}
 s - a scroll of fear {unknown}
 u - 3 scrolls of noise {unknown}
 v - a scroll of immolation {unknown}
 x - a scroll of enchant weapon {unknown}
 y - a scroll of fog {unknown}
Potions
 b - a potion of lignification {unknown}
 i - 2 potions of resistance {unknown}
 o - 4 potions of curing
 p - a potion of might {unknown}
 w - a potion of berserk rage {unknown}
 z - a potion of degeneration {unknown}
 B - a potion of poison {unknown}
 F - 3 potions of brilliance {unknown}
Comestibles
 e - 4 bread rations
 k - 2 meat rations
 A - a beef jerky


   Skills:
 + Level 5.4 Fighting
 + Level 5.1 Long Blades
 - Level 1.7 Throwing
 + Level 4.0 Armour
 + Level 5.0 Dodging


You had 7 spell levels left.
You didn't know any spells.

Dungeon Overview and Level Annotations

Branches:
Dungeon (5/15)             Temple (1/1) D:4

Altars:
Ashenzari
Cheibriados
Dithmenos
Fedhas
Gozag
Kikubaaqudgha
Okawaru
Qazlal
Ru
Trog
Yredelemnul

Annotations:
D:5 Prince Ribbit


Innate Abilities, Weirdness & Mutations

You have large cloven feet.
You are mostly covered in rugged brown scales (AC +2, +5% HP).
You regenerate a lot of health from kills.


Message History

The ogre closely misses you.
A phantom comes into view.
You hit the ogre but do no damage. You kick the ogre, but do no damage.
The ogre is severely wounded.
Prince Ribbit blinks!
The ogre hits you with a giant club.
You slash the ogre!
You kill the ogre!
Your Armour skill increases to level 4!
Your scale mail prevents you from hitting the phantom.
You kick the phantom, but do no damage. The phantom hits you.
* * * LOW HITPOINT WARNING * * *
The phantom blinks!
Prince Ribbit hits you!
* * * LOW HITPOINT WARNING * * *
You miss Prince Ribbit. Your kick misses Prince Ribbit.
Prince Ribbit is moderately wounded.
The phantom blinks!
Prince Ribbit closely misses you.
You hit Prince Ribbit.
Prince Ribbit is heavily wounded.
Prince Ribbit closely misses you. Prince Ribbit hits you!
You die...

# #### + ((.## # #).# #@##
#F.# ###############(#
#...........# #(##
#.....>(....# #[.#
###.†.........####.#######
..'......(....'..)........
###...........#####W####.#
############# .#


You could see Prince Ribbit and a phantom.

Vanquished Creatures
  2 ogres (D:5)
  2 centaurs
  A phantom (D:5)
  2 scorpions (D:4)
  A hound (D:4)
  2 giant frog skeletons (D:5)
  2 orc wizards
  2 orc priests
  A centaur skeleton (D:4)
  An iguana (D:4)
  4 worker ants
  8 adders
  3 gnolls (D:4)
  An adder zombie (D:5)
  6 worms
  3 giant geckos (D:2)
  13 orcs
  17 bats
  A bat skeleton (D:4)
  5 giant cockroaches
  8 goblins
  18 hobgoblins
  4 jackals
  4 quokkas
  3 ball pythons (D:2)
  3 giant newts
  10 kobolds
  10 rats
137 creatures vanquished.

Notes
Turn   | Place    | Note
--------------------------------------------------------------
     0 | D:1      | Fluffy the Demonspawn Gladiator began the quest for the Orb.
     0 | D:1      | Reached XP level 1. HP: 16/16 MP: 1/1
   272 | D:1      | Gained mutation: You are partially covered in rugged brown scales (AC +1, +3% HP). [demonic ancestry]
   272 | D:1      | Reached XP level 2. HP: 3/22 MP: 2/2
  1103 | D:2      | Reached skill level 3 in Long Blades
  1194 | D:2      | Reached XP level 3. HP: 26/28 MP: 3/3
  1617 | D:2      | Reached skill level 1 in Armour
  1818 | D:2      | Gained mutation: You regenerate a little health from kills. [demonic ancestry]
  1818 | D:2      | Reached XP level 4. HP: 31/36 MP: 4/4
  2162 | D:2      | Found a stormy altar of Qazlal.
  2742 | D:3      | Gained mutation: You are mostly covered in rugged brown scales (AC +2, +5% HP). [demonic ancestry]
  2742 | D:3      | Reached XP level 5. HP: 36/43 MP: 5/5
  2926 | D:3      | Found a shattered altar of Ashenzari.
  2931 | D:3      | Noticed a centaur
  2944 | D:3      | Killed a centaur
  3115 | D:3      | HP: 1/44 [orc priest/short sword (5)]
  3119 | D:3      | Reached skill level 4 in Fighting
  3119 | D:3      | Gained mutation: You regenerate health from kills. [demonic ancestry]
  3119 | D:3      | Reached XP level 6. HP: 4/50 MP: 6/6
  3567 | D:4      | Found an opulent altar of Gozag.
  3730 | D:4      | Got an ancient leather armour
  3777 | D:4      | Gained mutation: You regenerate a lot of health from kills. [demonic ancestry]
  3777 | D:4      | Reached XP level 7. HP: 38/57 MP: 7/7
  3788 | D:4      | Identified the +2 leather armour "Iriorr" {rElec rC+ Int-2 Slay-4} (You found it on level 4 of the Dungeon)
  3944 | D:4      | Found a staircase to the Ecumenical Temple.
  3949 | Temple   | Entered the Ecumenical Temple
  4138 | D:4      | Found an iron altar of Okawaru.
  4246 | D:5      | Entered Level 5 of the Dungeon
  4327 | D:5      | Found a shadowy altar of Dithmenos.
  4462 | D:5      | Reached skill level 5 in Fighting
  4560 | D:5      | Noticed Prince Ribbit
  4797 | D:5      | Reached skill level 5 in Long Blades
  4797 | D:5      | Reached skill level 5 in Dodging
  4797 | D:5      | Gained mutation: You have large cloven feet. [demonic ancestry]
  4797 | D:5      | Reached XP level 8. HP: 60/65 MP: 8/8
  4829 | D:5      | Mangled by Prince Ribbit

Vault maps used:
D:1:      roderic_octagonal_star
D:2:      minmay_kobold_bridge, lemuel_round_altar
D:3:      lemuel_crystal_altar, kennysheep_pointless_box
D:4:      lemuel_crystal_altar, overflow_temple_1_default, first_bread
D:5:      nicolae_overflow_hidden_temple, serial_shops,
          nicolae_shop_temple_entry_statues_fountains, nicolae_shop_stone,
          uniq_prince_ribbit1
Temple:   circular_temple_6

Action                   |  1- 3 |  4- 6 |  7- 9 || total
-------------------------+-------+-------+-------++-------
Melee: Long sword        |   161 |   286 |   165 ||   612
Throw: Tomahawk          |       |       |    13 ||    13
  Use: Potion            |       |     1 |       ||     1
 Stab: Sleeping          |     1 |       |       ||     1
  Eat: Chunk             |     3 |     7 |     4 ||    14
